 Dungeon Crawl Stone Soup version 0.26.0-90-g5fd8617961 (webtiles) character file.

Game seed: 13930854084460309807

28 H0rd4k the Insei (level 3, -3/23 HPs)
             Began as an Octopode Transmuter on Feb 2, 2021.
             Slain by Sigmund
             ... wielding a +0 scythe
              (12 damage)
             ... on level 3 of the Dungeon.
             The game lasted 00:00:49 (1377 turns).

H0rd4k the Insei (Octopode Transmuter)              Turns: 1377, Time: 00:00:49

Health: -3/23      AC:  1    Str: 10    XL:     3   Next: 12%
Magic:  6/6        EV: 13    Int: 15    God:
Gold:   92         SH:  0    Dex: 12    Spells: 6/7 levels left

rFire    . . .     SeeInvis .     - Unarmed
rCold    . . .     Faith    .   (no shield)
rNeg     . . .     Spirit   .   (helmet restricted)
rPois    .         Reflect  .   (no amulet)
rElec    .         Harm     .   d - ring of attention (curse)
rCorr    .         Rampage  .   (no ring)
Will     .....                  (no ring)
Stlth    ++........             (no ring)
HPRegen  0.07/turn              (no ring)
MPRegen  0.10/turn              (no ring)
                                (no ring)
                                (no ring)

@: no status effects
A: almost no armour, stealthy swim, amphibious, 8 rings, constrict 8, camouflage
1, gelatinous body 1
a: no special abilities


You were on level 3 of the Dungeon.
You visited 1 branch of the dungeon, and saw 3 of its levels.

You collected 92 gold pieces.

Inventory:

Jewellery
 d - a cursed ring of attention (left tentacle)
Scrolls
 c - 2 scrolls of remove curse {unknown}
 e - a scroll of enchant armour {unknown}
 g - 2 scrolls of identify {unknown}
 h - a scroll of immolation {unknown}
Potions
 a - a potion of heal wounds {unknown}
 b - a potion of lignification {unknown}
 f - a potion of ambrosia {unknown}
 i - 2 potions of cancellation {unknown}
 j - 2 potions of attraction {unknown}


   Skills:
 + Level 1.0 Fighting
 + Level 2.2 Dodging
 + Level 1.1 Stealth
 + Level 3.4 Unarmed Combat
 + Level 2.5 Spellcasting
 + Level 2.0 Transmutations


You had 6 spell levels left.
You knew the following spells:

 Your Spells              Type           Power        Failure   Level
a - Beastly Appendage     Tmut           16%          9%          1

Your spell library contained the following spells:

 Spells                   Type           Power        Failure   Level
 Wereblood                Tmut           8%           14%         2
 Spider Form              Tmut/Pois      2%           38%         3
 Ice Form                 Ice/Tmut       4%           80%         4
 Blade Hands              Tmut           4%           94%         5


Dungeon Overview and Level Annotations

Branches:
Dungeon (2/15)

Altars:

Annotations:
D:3 Sigmund


Innate Abilities, Weirdness & Mutations

You cannot wear most types of armour.
You are very stealthy in the water. (Stealth+)
You are amphibious.
You can wear up to eight rings at the same time.
You can use your tentacles to constrict eight enemies at once.
Your skin changes colour to match your surroundings (Stealth+).
Your rubbery body absorbs attacks. (AC +1, EV +1)


Message History

Sigmund points at himself and mumbles some strange words.
Sigmund flickers and vanishes!
Deactivating autopickup; reactivate with Ctrl-A.
You tentacle-slap the bat but do no damage.
You grab the bat. You constrict the bat. The bat barely misses you.
The bat hits you but does no damage.
The bat struggles to escape constriction.
There are monsters nearby!
You barely miss the bat.
The bat is moderately wounded.
You constrict the bat. The bat closely misses you.
The bat escapes!
Something hits you!
Ouch! That really hurt!
The giant cockroach closely misses you.
There are monsters nearby!
You are too injured to fight recklessly!
There are monsters nearby!
The bat hits you but does no damage. Something hits you!
Ouch! That really hurt!
You die...

#...# #...# #...#
#...# #...#
#...########.
#####.b>.........
........#########
######.@# #..#
#B{# #..# #...
#... #.... #....
#....#


You could see a giant cockroach and a bat.

Vanquished Creatures
  A white imp (D:2)
  A leopard gecko (D:1)
  A giant cockroach (D:1)
  2 goblins (D:1)
  3 hobgoblins (D:1)
  2 jackals (D:1)
  A quokka (D:2)
  A ball python (D:1)
  3 bats (D:1)
  5 rats (D:1)
20 creatures vanquished.

Notes
Turn   | Place    | Note
-------+----------+-------------------------------------------
     0 | D:1      | H0rd4k the Octopode Transmuter began the quest for the Orb.
     0 | D:1      | Reached XP level 1. HP: 13/13 MP: 3/3
   182 | D:1      | Reached XP level 2. HP: 14/18 MP: 5/5
  1079 | D:2      | Reached skill level 1 in Stealth
  1143 | D:2      | Reached XP level 3. HP: 7/23 MP: 6/6
  1370 | D:2      | You fall into a shaft and drop 1 floor!
  1371 | D:3      | Noticed Sigmund
  1377 | D:3      | Slain by Sigmund

Illustrated notes

Levels and vault maps discovered:
D:1:      grunt_arrival_lava_bath, layout_basic
D:2:      layout_loops_ring, chequers_ecumenical_altar_simple
D:3:      layout_basic, general_overflow_altar, kennysheep_another_room,
          minmay_hedge_maze, uniq_sigmund

Skill      XL: |  1  2 |
---------------+-------+-----
Stealth        | 1 |  1.1
Fighting       | |  1.0
Dodging        | |  2.2
Unarmed Combat | |  3.4
Spellcasting   | |  2.5
Transmutations | |  2.0

Action                   || total
-------------------------++-------
Melee: Unarmed           ||    56
       Tentacles         ||    11
       Constrict         ||    13
       Punch             ||     1
 Stab: Sleeping          ||     7
Armor: Skin              ||     4
Dodge: Dodged            ||    42
